AoeStats
← Jeronimoo

MegaRandom

509719031Analyzed
4v4 RM · 5d ago on Sep 27, 2026· 99m 29s· 8 players
Game mode
Random Map
Map size
Large (8 player)
Population
200
Speed
Normal
Resources
Standard
Victory
Conquest
Starting age
Dark Age
Ending age
Imperial Age
RankedLock teamsTeams togetherTeam positionsShared explorationLock speedFull tech treeHidden civsTurbo modeCheats
Victory
Defeat
🇧🇬 Inca · Bulgaria
799
+11
🇧🇬 Italians · Bulgaria
795
+11
🇧🇬 Burgundians · Bulgaria
776
+12
🇬🇧 Chinese · United Kingdom
731
+13
🇩🇪 Byzantines · Germany
759
-15
🇪🇨 Berbers · Ecuador
703
-13
🇭🇷 Romans · Croatia
641
-10
🇩🇪 Wei · Germany
619
-9
LordEistee
13:09 Feudal Age
15:58 Horse Collar
18:48 Castle Age
17:13 Double-Bit Axe
17:35 Stone Mining
17:35 Gold Mining
21:27 Wheelbarrow
21:03 Heavy Plow
24:13 Forging
24:55 Bow Saw
25:38 Caravan
28:29 Iron Casting
28:04 Tuntian
30:49 Stone Shaft Mining
30:49 Gold Shaft Mining
30:06 Fletching
30:16 Padded Archer Armor
30:22 Scale Barding Armor
32:03 Ballistics
32:17 Bodkin Arrow
32:37 Leather Archer Armor
32:23 Scale Mail Armor
34:10 Hand Cart
34:46 Gold Shaft Mining
37:59 Imperial Age
35:15 Loom
35:16 Town Watch
36:18 Thumb Ring
40:59 Parthian Tactics
40:35 Bracer
41:05 Ring Archer Armor
41:37 Blast Furnace
41:46 Heated Shot
41:51 Murder Holes
42:08 Fortified Wall
44:06 Conscription
44:08 Elite Tiger Cavalry
44:24 Elite Genitour
46:07 Ring Archer Armor
45:31 Heavy Scorpion
57:16 Elite Skirmisher
62:55 Ming Guang Armor
79:50 Town Patrol
84:15 Heavy Hei Guang Cavalry
84:56 Husbandry
Jeronimoo
8:18 Loom
14:35 Feudal Age
15:13 Horse Collar
15:31 Gold Mining
19:41 Double-Bit Axe
20:58 Wheelbarrow
24:55 Castle Age
25:44 Heavy Plow
26:23 Gold Shaft Mining
26:02 Bow Saw
26:11 Hand Cart
26:45 Husbandry
27:49 Scale Barding Armor
27:55 Forging
30:22 Iron Casting
31:42 Chain Barding Armor
31:54 Fletching
32:44 Stone Mining
32:52 Bodkin Arrow
34:27 Stone Shaft Mining
39:57 Imperial Age
41:56 Crop Rotation
44:14 Caravan
49:01 Two-Man Saw
50:32 Plate Barding Armor
49:22 Cavalier
50:47 Coinage
52:46 Paladin
75:45 Light Cavalry
77:20 Hussar
87:21 Coinage
87:01 Guilds
Lanyco
0:32 Loom
14:02 Feudal Age
14:29 Man-at-Arms
15:12 Double-Bit Axe
15:10 Horse Collar
22:18 Stone Mining
22:21 Gold Mining
25:15 Castle Age
26:29 Squires
25:50 Long Swordsman
26:34 Scale Mail Armor
26:42 Heavy Plow
26:55 Bow Saw
27:36 Gold Shaft Mining
29:40 Town Watch
30:31 Wheelbarrow
31:00 Scale Barding Armor
31:06 Forging
31:00 Husbandry
31:10 Bloodlines
31:55 Caravan
34:46 Chain Barding Armor
34:21 Fletching
37:07 Iron Casting
45:12 Imperial Age
45:38 Bodkin Arrow
46:29 Fortified Wall
46:40 Ballistics
47:21 Chemistry
46:32 Masonry
46:18 Murder Holes
46:30 Town Patrol
46:45 Hand Cart
48:12 Elite Centurion
52:01 Comitatenses
55:05 Crop Rotation
55:18 Plate Barding Armor
55:54 Blast Furnace
72:15 Architecture
Reisu
9:12 Loom
12:37 Feudal Age
15:45 Double-Bit Axe
15:42 Horse Collar
19:04 Castle Age
21:55 Bow Saw
23:42 Caravan
26:22 Heavy Plow
26:14 Stone Mining
26:17 Gold Mining
32:45 Imperial Age
34:10 Forging
34:06 Scale Barding Armor
34:58 Wheelbarrow
34:10 Town Watch
34:50 Conscription
34:33 Maghrebi Camels
35:10 Hoardings
35:29 Crop Rotation
35:42 Gold Shaft Mining
35:44 Stone Shaft Mining
35:24 Bloodlines
35:16 Husbandry
36:11 Heavy Camel Rider
38:19 Elite Camel Archer
38:51 Fletching
39:02 Padded Archer Armor
39:37 Kasbah
39:36 Bodkin Arrow
39:58 Leather Archer Armor
40:22 Bracer
41:09 Ring Archer Armor
41:54 Chemistry
41:15 Ballistics
41:07 Masonry
42:19 Hand Cart
42:05 Town Patrol
44:28 Murder Holes
46:45 Fortified Wall
46:16 Treadmill Crane
49:49 Iron Casting
49:35 Chain Barding Armor
50:57 Plate Barding Armor
51:29 Blast Furnace
55:49 Elite Genitour
56:42 Thumb Ring
mat13bg
7:40 Loom
11:00 Feudal Age
11:27 Double-Bit Axe
14:57 Bow Saw
14:30 Horse Collar
19:58 Heavy Plow
21:18 Gold Mining
23:09 Gold Shaft Mining
26:20 Castle Age
25:16 Stone Mining
28:18 Two-Man Saw
27:52 Crop Rotation
28:37 Stone Shaft Mining
28:36 Squires
27:58 Man-at-Arms
30:06 Wheelbarrow
33:29 Burgundian Vineyards
36:15 Imperial Age
37:34 Elite Coustillier
41:04 Chemistry
40:00 Murder Holes
40:25 Ballistics
40:20 Fortified Wall
40:22 Masonry
40:51 Hand Cart
43:26 Coinage
43:06 Guilds
42:57 Caravan
43:25 Scale Barding Armor
43:23 Scale Mail Armor
43:34 Forging
42:46 Man-at-Arms
44:34 Squires
43:55 Pikeman
43:55 Long Swordsman
46:23 Hoardings
46:09 Conscription
63:24 Two-Handed Swordsman
70:40 Chain Barding Armor
70:37 Chain Mail Armor
73:23 Plate Mail Armor
73:28 Iron Casting
75:47 Halberdier
zahariev.pavel
0:47 Loom
11:00 Feudal Age
12:57 Double-Bit Axe
21:02 Castle Age
21:54 Bow Saw
24:20 Horse Collar
25:23 Wheelbarrow
25:13 Gold Mining
31:09 Imperial Age
31:45 Fletching
32:06 Forging
33:53 Two-Man Saw
32:58 Heavy Plow
34:47 Hand Cart
34:40 Scale Mail Armor
34:37 Bodkin Arrow
34:43 Padded Archer Armor
35:40 Stone Mining
36:29 Gold Shaft Mining
35:58 Bracer
36:05 Caravan
37:20 Great Wall
37:38 Leather Archer Armor
37:59 Iron Casting
43:02 Town Watch
44:13 Ring Archer Armor
49:09 Elite Chu Ko Nu
50:24 Thumb Ring
51:13 Stone Shaft Mining
53:34 Masonry
53:45 Ballistics
54:26 Chemistry
57:04 Pikeman
60:29 Elite Skirmisher
63:54 Bloodlines
63:45 Husbandry
64:50 Blast Furnace
64:05 Chain Mail Armor
63:56 Scale Barding Armor
64:23 Architecture
64:06 Fortified Wall
64:40 Light Cavalry
64:48 Halberdier
69:39 Coinage
75:05 Murder Holes
74:59 Arrowslits
75:56 Cavalier
77:18 Banking
GRaFa
5:38 Loom
12:39 Feudal Age
13:19 Double-Bit Axe
16:30 Horse Collar
21:14 Castle Age
19:26 Fletching
19:32 Horse Collar
20:43 Stone Mining
26:52 Bow Saw
26:46 Pikeman
28:20 Gold Mining
28:58 Scale Mail Armor
28:58 Bodkin Arrow
28:41 Crossbowman
30:45 Andean Sling
31:52 Thumb Ring
37:17 Imperial Age
35:09 Murder Holes
35:29 Squires
36:40 Forging
36:31 Padded Archer Armor
39:39 Arbalester
41:28 Conscription
41:51 Thumb Ring
41:49 Halberdier
44:31 Bracer
44:54 Ballistics
47:00 Leather Archer Armor
48:37 Chemistry
47:50 Masonry
47:35 Arson
50:19 Fabric Shields
51:04 Iron Casting
53:21 Wheelbarrow
52:58 Caravan
55:29 Blast Furnace
55:00 Ring Archer Armor
64:57 Chain Mail Armor
70:05 Elite Skirmisher
71:20 Hand Cart
71:38 Plate Mail Armor
70:31 Elite Kamayuk
78:35 Siege Engineers
gruckiq
9:53 Loom
11:59 Feudal Age
12:49 Double-Bit Axe
22:33 Castle Age
22:56 Wheelbarrow
22:10 Horse Collar
25:26 Fletching
25:43 Town Watch
28:54 Imperial Age
27:21 Bow Saw
28:36 Caravan
31:01 Hand Cart
30:40 Pikeman
32:16 Ballistics
32:07 Masonry
33:28 Gold Mining
34:21 Squires
35:42 Chemistry
36:06 Conscription
36:03 Bodkin Arrow
36:09 Padded Archer Armor
49:36 Heavy Plow
49:30 Stone Mining
53:25 Architecture
61:31 Hoardings
68:56 Elite Genoese Crossbowman
86:12 Thumb Ring
87:15 Elite Skirmisher
90:06 Pirotechnia
Connection lost

Rejoining the realm…

Still unreachable

The connection could not be restored.

Session expired

The server has moved on; the page needs a fresh start.